 Dungeon Crawl Stone Soup version 0.31-a0-1616-gbeaec30b81 (webtiles) character file.

Game seed: 17251780387498875183

235 Flugslaktarn the Trooper (level 5, 0/48 HPs)
             Began as a Minotaur Fighter on Jan 11, 2024.
             Slain by a lemure (1 damage)
             ... led by Pikel
             ... on level 3 of the Dungeon.
             The game lasted 00:01:24 (2986 turns).

Flugslaktarn the Trooper (Minotaur Fighter)         Turns: 2986, Time: 00:01:24

Health: 0/48       AC: 13    Str: 23    XL:     5   Next: 76%
Magic:  4/4        EV:  6    Int:  5    God:
Gold:   219        SH:  4    Dex:  9    Spells: 4/4 levels left

rFire   . . .        a - +0 war axe
rCold   . . .        c - +0 buckler
rNeg    . . .        j - +0 plate armour
rPois   .            (helmet restricted)
rElec   .            k - +0 cloak
rCorr   .            (no gloves)
SInv    .            (no boots)
Will    .....        (no amulet) Stlth
                     (no ring)
HPRegen 0.28/turn    (no ring)
MPRegen 0.09/turn

%: no passive effects
@: hasted, very quick
A: horns 2, retaliatory headbutt
a: no special abilities


You were on level 3 of the Dungeon.
You visited 1 branch of the dungeon, and saw 4 of its levels.

You collected 219 gold pieces.

Inventory:

Hand Weapons
 a - a +0 war axe (weapon)
Missiles
 f - a throwing net (quivered)
Armour
 b - a +0 scale mail
 c - a +0 buckler (worn)
 j - a +0 plate armour (worn)
   (You found it on level 1 of the Dungeon)
 k - a +0 cloak (worn)
   (You found it on level 1 of the Dungeon)
 o - a scarf of resistance
   (You found it on level 2 of the Dungeon)
Scrolls
 e - a scroll of enchant armour {unknown}
 g - 2 scrolls of teleportation {unknown}
 i - 8 scrolls of identify {unknown}
 l - 2 scrolls of noise {unknown}
 q - a scroll of vulnerability {unknown}
 s - a scroll of fog {unknown}
 t - a scroll of brand weapon {unknown}
 u - a scroll of amnesia {unknown}
 w - a scroll of acquirement {unknown}
Potions
 d - a potion of might
 h - a potion of haste
 m - a potion of berserk rage {unknown}
 n - a potion of enlightenment {unknown}
 p - 2 potions of heal wounds {unknown}
 r - a potion of ambrosia {unknown}
 v - a potion of cancellation {unknown}


   Skills:
 * Level 5.5 Fighting
 * Level 4.6 Axes
 + Level 4.4 Armour
 + Level 4.5 Shields


You had 4 spell levels left.
You didn't know any spells.
Your spell library contained the following spells:

 Spells                   Type           Power      Damage    Failure   Level
 Shock                    Conj/Air       0%         1d3       100%        1
 Ensorcelled Hibernation  Hex/Ice        0%         N/A       100%        2
 Scorch                   Fire           0%         2d5       100%        2
 Passwall                 Erth           0%         N/A       100%        3
 Swiftness                Air            0%         N/A       100%        3
 Airstrike                Air            0%         2d(0-16)  100%        4
 Flame Wave               Conj/Fire      0%         2d4       100%        4
 Summon Cactus Giant      Summ           0%         N/A       100%        6


Dungeon Overview and Level Annotations

Branches:
Dungeon (4/15)
 Temple: D:4-7

Altars:
Kikubaaqudgha
Makhleb
Uskayaw
Xom

Annotations:
D:3 Pikel


Innate Abilities, Weirdness & Mutations

You have a pair of horns on your head.
You reflexively headbutt those who attack you in melee.


Message History

You open the door.
There is an open door here.
w - a scroll labelled UHUP YVVUKEE Done exploring.
Done exploring.
No target in view!
There is an open door here.
You see here an adder skeleton.
There is an open door here.
There is a stone staircase leading down here.
You climb downwards.
The endoplasm quivers.
Found a scroll labelled GULETO CUSEF.
Found a shimmering altar of Xom.
Found a stone staircase leading up.
There is a stone staircase leading up here.
An endoplasm is nearby!
Unknown command.
An endoplasm is nearby!
An endoplasm is nearby!
An endoplasm is nearby!
Found a hide-covered altar of Uskayaw.
A lemure comes into view.
The lemure shouts!
An adder comes into view.
The endoplasm freezes you.
You are frozen.
The lemure moves out of view.
The adder moves out of view.
Pikel, Merchant of Souls comes into view.
He is wielding a +1 whip of electrocution.
There is a stone staircase leading up here.
Pikel shouts!
You hit the endoplasm but do no damage. You headbutt the endoplasm.
The endoplasm is severely wounded.
You hear a shout!
The endoplasm hits you.
You slash the endoplasm!
You kill the endoplasm! 3 lemures come into view.
Found a burning altar of Makhleb.
The lemure shouts! x2
A goblin comes into view. It is wielding a +0 dagger.
The adder barely misses you.
You closely miss the adder. Your headbutt misses the adder.
The adder barely misses you.
You closely miss the adder. Your headbutt misses the adder.
The adder bites you.
An ogre comes into view. It is wielding a +0 giant club.
You block the adder's attack.
The ogre moves out of view.
You hit Pikel.
Pikel is lightly wounded.
You closely miss the lemure. x2; You closely miss the adder.
The adder closely misses you. The lemure hits you.
Pikel hits you with a +1 whip of electrocution.
The lemure hits you. The adder bites you but does no damage.
You slash Pikel! Your headbutt misses Pikel.
Pikel is moderately wounded.
You hit the adder. You slash the goblin!
You kill the goblin!
You hit the lemure but do no damage. You hit the lemure.
The lemure barely misses you. The adder barely misses you.
You furiously retaliate!
You headbutt the adder.
Pikel hits you with a +1 whip of electrocution.
There are monsters nearby!
You slash the adder!
You kill the adder!
You slash the lemure! You completely miss Pikel. You slash the lemure!
You closely miss the lemure. The lemure hits you but does no damage.
Pikel hits you with a +1 whip of electrocution!
The lemure barely misses you. The lemure hits you.
You block the lemure's attack.
An orc comes into view. It is wielding a +0 trident.
The lemure hits you.
* * * LOW HITPOINT WARNING * * *
The lemure barely misses you. You furiously retaliate!
You headbutt the lemure.
Pikel says, "Antaeus said I was his favorite kobold.
Me!"
Pikel hits you with a +1 whip of electrocution.
* * * LOW HITPOINT WARNING * * *
You block the lemure's attack.
You are too injured to fight recklessly!
Okay, then.
The lemure attacks as it pursues you! The lemure closely misses you.
The lemure hits you.
* * * LOW HITPOINT WARNING * * *
Pikel attacks as he pursues you! Pikel hits you but does no damage.
Pikel attacks as he pursues you! Pikel barely misses you.
There is a stone staircase leading up here.
The orc shouts!
You hear a shout! x3
Pikel completely misses you. The lemure barely misses you.
You climb upwards.
There is a stone staircase leading down here.
It was a potion of haste.
You feel yourself speed up.
h - a potion of haste;
g - 2 scrolls labelled BITOF CUDA Pikel hits you but does no damage.
You block the lemure's attack. The lemure completely misses you.
You furiously retaliate!
You headbutt the lemure. You hit Pikel but do no damage. You headbutt Pikel!
Pikel is heavily wounded.
You barely miss the lemure. You miss the lemure.
Pikel hits you with a +1 whip of electrocution.
* * * LOW HITPOINT WARNING * * *
The lemure hits you.
You die...

.(....# #.#.# ###.###
..###.######### #.#.# #..## # ..#
#.........# #.#.# ##.#.###
..###..####.#.# #.#.# #.....#.
.......####.#.#####.#.# #..###)#
.#####..........)...#.####..###.#
........###...######............#
..####.## #..###5K..........#####
.## #.# #..# #@###........#
.#####.# #..# #5# #........#
...##..# #..# #5# #.......##
.#.....## #..###.###...)...#
........###..#.)...........#
..##.##..##.<#.#.######.##.#
...#.#...##..#.#.# #.##.#
.#.....#.##..#.#.# #(##.#
.##..(##.##...#..## #.##.#


You could see Pikel and 3 lemures.

Vanquished Creatures
  Natasha (thrice) (D:2)
  9 adders
  4 dart slugs
  A ribbon worm (D:3)
  An orc (D:2)
  8 bats
  11 endoplasms
  3 giant cockroaches
  8 goblins
  4 hobgoblins
  4 kobolds
  2 quokkas
  7 ball pythons
  2 frilled lizards
  7 rats
74 creatures vanquished.

Notes
Turn   | Place    | Note
-------+----------+-------------------------------------------
     0 | D:1      | Flugslaktarn the Minotaur Fighter began the quest for the
                  | Orb.
     0 | D:1      | Reached XP level 1. HP: 19/19 MP: 0/0
   144 | D:1      | Reached XP level 2. HP: 26/27 MP: 1/1
   286 | D:1      | Reached skill level 4 in Fighting
   425 | D:1      | Found a faded altar of an unknown god.
   843 | D:2      | Reached XP level 3. HP: 33/33 MP: 2/2
  1284 | D:2      | Noticed Natasha
  1291 | D:2      | Killed Natasha
  1292 | D:2      | Reached XP level 4. HP: 27/41 MP: 3/3
  1448 | D:2      | Noticed Natasha
  1457 | D:2      | Killed Natasha
  1613 | D:2      | Noticed Natasha
  1619 | D:2      | Killed Natasha
  1620 | D:2      | Reached skill level 5 in Fighting
  1978 | D:3      | Reached XP level 5. HP: 45/48 MP: 4/4
  2401 | D:3      | Found an ancient bone altar of Kikubaaqudgha.
  2969 | D:4      | Found a shimmering altar of Xom.
  2970 | D:4      | Found a hide-covered altar of Uskayaw.
  2971 | D:4      | Noticed a lemure
  2972 | D:4      | Noticed Pikel
  2974 | D:4      | Found a burning altar of Makhleb.
  2974 | D:4      | Noticed a lemure
  2974 | D:4      | Noticed a lemure
  2974 | D:4      | Noticed a lemure
  2977 | D:4      | Noticed an ogre
  2986 | D:3      | HP: 1/48 [Pikel/+1 whip of electrocution (6)]
  2986 | D:3      | Slain by a lemure

Illustrated notes

Levels and vault maps discovered:
D:1:      dpeg_arrival_boxorama, layout_basic, shapermc_ecumenical_altar_ellora
D:2:      layout_basic, minmay_nonomino_d4, uniq_natasha
D:3:      layout_loops_ring, mainiacjoe_overflow_small_starburst,
          minmay_snake_closets
D:4:      layout_rooms, grunt_temple_overflow_open, uniq_edmund,
          uniq_crazy_yiuf_cottage, uniq_pikel, uniq_blork_the_orc

Skill      XL: |  1  2  3  4 |
---------------+-------------+-----
Fighting       | 4 5 |  5.5
Axes           | 3 4 |  4.6
Shields        | 4 |  4.5
Armour         | 4 |  4.4

Action                     |  1- 3 |  4- 6 || total
---------------------------+-------+-------++-------
  Melee: War axe           |    82 |    73 ||   155
         Headbutt          |    11 |    12 ||    23
    Use: Potion            |       |     1 ||     1
 Armour: Scale mail        |    16 |       ||    16
         Plate armour      |    52 |    66 ||   118
  Dodge: Dodged            |    21 |    30 ||    51
  Block: Buckler           |    19 |    18 ||    37

Table legend: (Time is in decaauts)
 A = Elapsed time spent in this place.
 B = Non-inter-level travel time spent in this place.
 C = Inter-level travel time spent in this place.
 D = Time resting spent in this place.
 E = Time spent auto-exploring this place.
 F = Levels seen in this place.
 G = Mean time per level.
                   A        B        C        D        E       F      G
               +--------+--------+--------+--------+--------+-----+--------+
         Total |   3039 |   2922 |    117 |      0 |   2455 |   4 |  759.8 |
       Dungeon |   3039 |   2922 |    117 |      0 |   2455 |   4 |  759.8 |
               +--------+--------+--------+--------+--------+-----+--------+

Top non-repeatable levels by time:
     D:2: 1169 daAuts
     D:3: 1028 daAuts
     D:1: 824 daAuts
     D:4: 17 daAuts
